 Dungeon Crawl Stone Soup version bcrawl-1.39.1 (webtiles) character file.

Game seed: 6536322870484110583

11481684 AxeAttX the Slayer (level 18, -1/280 HPs)
             Began as a Minotaur Berserker on Sept 11, 2023.
             Was a High Priest of Trog.
             Slain by a deep troll (9 damage)
             ... on level 1 of the Depths.
             The game lasted 00:49:07 (34646 turns).

AxeAttX the Slayer (Minotaur Berserker)            Turns: 34646, Time: 00:49:07

Health: -1/280     AC: 40    Str: 40    XL:     18   Next: 99%
Magic:  21/21      EV:  3    Int:  4    God:    Trog [*****.]
Gold:   2287       SH: 24    Dex: 11    Spells: 17/17 levels left

rFire    . . .     GDR:     36% W - +4 broad axe (freeze)
rCold    + . .     SeeInvis .   y - +0 large shield
rNeg     . . .     Gourm    .   C - +5 iron dragon scales (curse)
rPois    .         Faith    .   c - +1 hat
rElec    +         Spirit   .   l - scarf {clouds}
rCorr    .         Reflect  .   L - +2 pair of gloves
MR       +++++                  X - +1 pair of boots {Fly}
Stlth    ..........             b - amulet of rage
HPRegen  2.66/turn              m - ring of protection from magic
MPRegen  0.17/turn              P - ring of Suwkuqon {rElec rC+ Str+6}

@: berserking, flying, regenerating, hasted and slowed
A: retaliatory headbutt, horns 2
}: 2/15 runes: decaying, serpentine
a: Berserk, Trog's Hand, Brothers in Arms, Renounce Religion, Evoke Fog, Evoke
Berserk Rage, Stop Flying


You were on level 1 of the Depths.
You worshipped Trog.
Trog was extremely pleased with you.
You were near starving.

You visited 7 branches of the dungeon, and saw 28 of its levels.
You also visited: Sewer and Ice Cave.

You collected 4437 gold pieces.
You spent 2150 gold pieces at shops.

Inventory:

Hand Weapons
 r - a +5 broad axe of electrocution
   (Trog gifted it to you on level 1 of the Vaults)
 W - a +4 broad axe of freezing (weapon)
   (You acquired it on level 12 of the Dungeon)
Missiles
 H - 446 poisoned tomahawks
 K - 2 throwing nets {=f}
 M - 223 javelins (quivered)
Armour
 c - a +1 hat (worn)
   (You found it on level 1 of the Lair of Beasts)
 l - a scarf of clouds (worn)
   (You found it on level 6 of the Lair of Beasts)
 y - a +0 large shield (worn)
   (You found it on level 2 of the Lair of Beasts)
 C - cursed +5 iron dragon scales (worn)
   (You found it on level 12 of the Dungeon)
 L - a +2 pair of gloves (worn)
   (You found it on level 7 of the Dungeon)
 X - a +1 pair of boots of flying (worn)
   (You bought it in a shop on level 1 of the Snake Pit)
Jewellery
 b - an amulet of rage (around neck)
   (You found it on level 10 of the Dungeon)
 f - an uncursed ring of protection from fire
   (You took it off a vault sentinel on level 2 of the Vaults)
 i - an uncursed ring of see invisible
   (You found it on level 2 of the Vaults)
 m - a ring of protection from magic (left hand)
   (You found it on level 10 of the Dungeon)
 o - an uncursed ring of poison resistance
   (You found it on level 6 of the Dungeon)
 D - an uncursed ring of positive energy
   (You found it on level 8 of the Dungeon)
 P - the ring of Suwkuqon (right hand) {rElec rC+ Str+6}
   (You bought it in a shop in the Orcish Mines)

   [ring of protection from cold]

   It affects your strength (+6).
   It protects you from cold.
   It insulates you from electricity.
Wands
 v - a wand of digging (10)
   (You took it off Nikola on level 2 of the Snake Pit)
 B - a wand of clouds (8)
   (You bought it in a shop in the Orcish Mines)
 E - a wand of charming (5)
   (You found it on level 5 of the Dungeon)
 G - a wand of acid (8)
   (You found it on level 3 of the Lair of Beasts)
 N - a wand of paralysis (13)
   (You found it on level 6 of the Dungeon)
 O - a wand of disintegration (5)
   (You took it off Terence on level 3 of the Dungeon)
 R - a wand of iceblast (44)
   (You found it on level 8 of the Dungeon)
Scrolls
 j - 2 scrolls of fear
 k - 10 scrolls of remove curse
 p - 3 scrolls of fog
 t - 5 scrolls of teleportation
 z - 2 scrolls of blinking
 A - 4 scrolls of revelation
 T - 2 scrolls of enchant armour
Potions
 a - 2 potions of berserk rage
 d - 6 potions of might
 g - 3 potions of cancellation
 h - a potion of haste
 n - 2 potions of resistance
 q - 5 potions of curing
 s - 3 potions of agility
 w - 4 potions of heal wounds
 x - 4 potions of invisibility
 F - 8 potions of flight
 I - a potion of lignification
 S - 5 potions of magic
 V - 3 potions of ambrosia
 Y - 6 potions of brilliance
 Z - 6 potions of mutation
Miscellaneous
 J - a lightning rod (4/4)
   (You found it on level 6 of the Lair of Beasts)
 U - a phial of floods
   (You found it on level 2 of the Snake Pit)
Comestibles
 e - 19 rations {!d}


   Skills:
 * Level 22.7 Fighting
 - Level 19.0 Axes
 - Level 8.0 Throwing
 + Level 16.7 Armour
 - Level 5.0 Dodging
 + Level 16.5 Shields
 - Level 6.0 Evocations


You had 17 spell levels left.
You didn't know any spells.
Your spell library contained the following spells:

 Spells                   Type           Power        Failure   Level  Hunger
 Sandblast                Erth           #.....       100%        1    None
 Passwall                 Tmut/Erth      #.......     100%        2    ####...
 Animate Dead             Necr           N/A          100%        4    ######.
 Dispel Undead            Necr           #.......     100%        5    #######
 Necromutation            Tmut/Necr      #.......     100%        8    #######


Dungeon Overview and Level Annotations

Branches:
Dungeon (12/12)            Temple (0/1) D:5            Lair (6/6) D:9
  Swamp (3/3) Lair:4        Snake (3/3) Lair:4        Slime (0/5) Orc
    Orc (1/1) D:10            Elf (0/3) Lair:6       Vaults (2/3) D:12
  Crypt (0/2) Vaults:2     Depths (1/5) D:12

Altars:
Ashenzari
Cheibriados
Fedhas
Nemelex Xobeh
Sif Muna
Trog
Xom
Yredelemnul
Zin
Jiyva

Shops:
D:10 [(   Orc [=!:[[=}   Snake:1 [(   Snake:2 =}=   Snake:3 !   Vaults:1 [*%*!
Vaults:2 [([==

Annotations:
D:2 1 runed door
D:11 2 transporters, yrara's ghost, journeyman DsFi
Swamp:2 3 runed translucent doors, Quickbrownfox's ghost, adept MiAc
Snake:1 3 runed translucent doors, foxfromabyss's ghost, adept OgAc Orc 1 runed door


Innate Abilities, Weirdness & Mutations

You reflexively headbutt those who attack you in melee.
You have a pair of horns on your head.


Message History

You freeze the purple ugly thing.
You kill the purple ugly thing!
Trog accepts your kill.
You slice the deep troll!! You freeze the deep troll.
You kill the deep troll!
Trog accepts your kill.
The troll leather armour is intact enough to wear.
You slash the deep troll! You freeze the deep troll.
You slice the purple ugly thing!! You freeze the purple ugly thing!
You closely miss the purple ugly thing. You headbutt the purple ugly thing!!
The purple ugly thing is almost dead.
You slash the deep troll! You freeze the deep troll.
You hit the ettin but do no damage. You slice the deep troll!!
You freeze the deep troll!
You are no longer berserk.
You are exhausted.
You feel yourself slow down.
You block the purple ugly thing's attack.
You block the deep troll's attack. x2; The deep troll claws you!
You cut the purple ugly thing into ribbons!!!
You freeze the purple ugly thing.
You kill the purple ugly thing!
Trog accepts your kill.
You closely miss the deep troll. You slice the ettin!! You freeze the ettin!
Your shield and iron dragon scales prevent you from hitting the deep troll.
You block the ettin's attack. x2
The deep troll bites you but does no damage.
The deep troll claws you but does no damage. x2
Your shield and iron dragon scales prevent you from hitting the ettin.
The ettin is severely wounded.
You slice the deep troll!! You freeze the deep troll!
You kill the deep troll!
Trog accepts your kill.
You slash the ettin! You freeze the ettin. You slash the deep troll!
You freeze the deep troll.
Your shield and iron dragon scales prevent you from hitting the ettin.
You block the deep troll's attack. x2
The deep troll claws you but does no damage.
The ettin hits you with a +0 dire flail!
You block the ettin's attack.
The ettin hits you with a +0 dire flail.
You block the ettin's attack.
The ettin hits you with a +0 dire flail.
The ettin hits you with a +0 dire flail!!
The deep troll bites you.
The deep troll claws you but does no damage. x2
The brown ugly thing basks in the mutagenic energy from its kin and changes!
Your skin crawls, and Trog's vigour flows through you.
You feel somewhat more hungry. You block the ettin's attack. x2
The ettin hits you but does no damage. You block the ettin's attack.
The deep troll bites you.
The deep troll claws you but does no damage. x2
The ettin hits you with a +0 dire flail.
The ettin hits you with a +0 dire flail!
The deep troll bites you. The deep troll claws you! x2
The deep troll bites you but does no damage.
The deep troll claws you.
The deep troll claws you but does no damage.
The ettin hits you with a +0 dire flail!
The ettin hits you with a +0 dire flail!!
* * * LOW HITPOINT WARNING * * *
The ettin hits you with a +0 dire flail!
* * * LOW HITPOINT WARNING * * *
The ettin hits you with a +0 dire flail!
* * * LOW HITPOINT WARNING * * *
A red film seems to cover your vision as you go berserk!
You feel yourself moving faster!
You feel mighty!
You are near starving!
You block the ettin's attack. The ettin hits you but does no damage.
The deep troll bites you but does no damage.
You block the deep troll's attack. The deep troll claws you.
* * * LOW HITPOINT WARNING * * *
You block the deep troll's attack.
The deep troll claws you but does no damage. x2
The ettin hits you but does no damage. You block the ettin's attack.
The ettin hits you but does no damage. You block the ettin's attack.
The green ugly thing basks in the mutagenic energy from its kin and changes!
The deep troll bites you!!
* * * LOW HITPOINT WARNING * * *
The deep troll claws you but does no damage.
You block the deep troll's attack.
The ettin hits you with a +0 dire flail!
* * * LOW HITPOINT WARNING * * *
The ettin hits you but does no damage.
You feel much better. You block the deep troll's attack. x2
The deep troll claws you but does no damage.
The ettin hits you with a +0 dire flail.
* * * LOW HITPOINT WARNING * * *
The ettin barely misses you. x2
The ettin hits you with a +0 dire flail.
* * * LOW HITPOINT WARNING * * *
You block the deep troll's attack.
The deep troll claws you but does no damage. x2
You feel yourself speed up. You block the ettin's attack.
The ettin hits you with a +0 dire flail!!
* * * LOW HITPOINT WARNING * * *
You block the deep troll's attack. The deep troll claws you.
* * * LOW HITPOINT WARNING * * *
The deep troll claws you!
You die...

##.... .....
..... ......
.... ...... .
##..# ....#
#.#...##..$.#
#.........# .
###..<.....#..≈
#.............≈
##..#.T@C..≈.§≈
##.##CCT..≈§..
# #pTu..§§..
.uu...≈≈§.
......§§...
............
.............
..............


You could see 3 deep trolls, 3 ugly things, 3 ettins and a wizard.

Vanquished Creatures
  A bone dragon (Vaults:2)
  Nikola (Snake:2)
  Frances (Snake:3)
  A tentacled monstrosity (Swamp:3)
  A lich (Depths:1)
  A thorn hunter (Swamp:3)
  Kirke (Snake:2)
  4 nagarajas
  A greenwood witch (shapeshifter) (Snake:3)
  6 vault wardens
  A war gargoyle (Vaults:2)
  Aizul (Snake:2)
  5 stone giants
  An orc warlord (Orc)
  3 very ugly things (Vaults:1)
  6 ironheart preservers
  5 dire elephants (Vaults:1)
  An entropy weaver (Vaults:2)
  A dire elephant (shapeshifter) (Snake:3)
  Snorg (Orc)
  2 fire dragons
  Erolcha (D:9)
  21 slime creatures
  6 yaktaur captains
  2 ice dragons
  Erica (Orc)
  An ice dragon (shapeshifter) (Snake:3)
  A rakshasa (Snake:1)
  Harold (D:10)
  2 great orbs of eyes
  2 ghost crabs (Swamp:3)
  8 naga warriors
  Sonja (Lair:6)
  11 hydras
  2 death yaks (Lair:2)
  14 two-headed ogres
  A catoblepas (Lair:4)
  4 anacondas
  A death knight (Vaults:1)
  A dancing weapon (Vaults:1)
  An alligator (shapeshifter) (Vaults:1)
  7 alligators
  3 ogre magi
  3 orc high priests (Orc)
  A deep troll shaman (Vaults:2)
  2 ironheart beastmasters (Vaults:1)
  3 sea snakes (Snake:1)
  6 naga sharpshooters
  4 shock serpents
  2 deep elf knights (Vaults:2)
  3 deep troll earth magi
  3 tengu warriors
  A deep troll (shapeshifter) (D:11)
  5 deep trolls
  5 centaur warriors
  A salamander mystic (Snake:2)
  3 spriggan druids
  2 flayed ghosts
  An unseen horror (D:12)
  7 ironheart convokers
  7 swamp dragons (Swamp:3)
  3 deep elf archers
  2 wizards
  4 naga ritualists
  3 wolf spider zombies
  Pikel (D:4)
  2 cyclopes
  4 orc knights (Orc)
  5 harpies (D:11)
  2 necromancers
  3 orc sorcerers (Orc)
  A wolf spider (Lair:6)
  8 mana vipers
  A wolf spider (shapeshifter) (Snake:3)
  A deep elf mage (D:12)
  3 salamanders (Snake:2)
  17 elephants
  16 ugly things
  7 will-o'-wisps
  11 naga magi
  20 black mambas
  10 guardian serpents
  A torpor snail (shapeshifter) (Snake:3)
  11 cane toads
  An ice statue (IceCv)
  7 vault sentinels
  8 rime drakes
  11 yaktaurs
  A jumping spider (shapeshifter) (Snake:3)
  An eye of draining (D:11)
  10 freezing wraiths
  An eye of draining (shapeshifter) (D:8)
  4 tengu conjurers
  6 trolls
  7 komodo dragons
  2 harpy skeletons
  A queen bee (shapeshifter) (Vaults:1)
  A tengu simulacrum (Vaults:1)
  2 polar bears (Lair:6)
  11 hornets
  18 blink frogs
  Grum (Lair:6)
  2 meliai zombies
  8 tyrant leeches
  A bog body (Swamp:3)
  6 hippogriffs
  2 shadows
  3 wyverns
  A black mamba skeleton (D:10)
  5 wraiths
  19 yaks
  16 spriggans
  7 hogs (Snake:2)
  2 basilisks (Lair:6)
  A human (shapeshifter) (Vaults:1)
  3 hungry ghosts
  A yaktaur simulacrum (Vaults:1)
  Menkaure (D:4)
  Edmund (D:4)
  3 wargs (Orc)
  15 vampire mosquitoes
  8 swamp worms
  An acid dragon (D:12)
  12 crocodiles
  21 nagas
  12 water moccasins
  A black bear (shapeshifter) (D:11)
  19 orc warriors
  9 porcupines
  7 black bears
  2 sky beasts
  8 swamp drakes
  A cane toad skeleton (D:10)
  17 ice beasts
  A phantom (D:4)
  5 boggarts
  27 wolves
  8 ogres
  13 bullfrogs
  4 kobold brigands
  9 centaurs
  A gnoll sergeant (D:9)
  A human simulacrum (Vaults:2)
  17 killer bees
  2 scorpions
  3 howler monkeys
  3 electric eels
  8 orc priests
  10 crimson imps
  4 draconian simulacra (IceCv)
  15 orc wizards
  3 bullfrog skeletons
  4 hounds
  6 jellies
  An iguana (D:8)
  Terence (D:3)
  10 worker ants
  Natasha (twice) (D:4)
  3 polar bear simulacra (IceCv)
  A spriggan simulacrum (IceCv)
  4 troll simulacra (IceCv)
  A wolf simulacrum (IceCv)
  3 hound skeletons
  6 gnolls
  A howler monkey skeleton (D:9)
  An ogre simulacrum (IceCv)
  12 adders
  A naga simulacrum (IceCv)
  7 white imps (IceCv)
  An ooze (shapeshifter) (Vaults:2)
  An adder zombie (D:8)
  An adder skeleton (D:4)
  6 worms
  A dart slug (D:2)
  4 leopard geckos
  60 orcs
  2 giant cockroaches
  6 goblins
  14 hobgoblins
  11 jackals
  6 quokkas
  5 ball pythons
  3 bats
  7 frilled lizards
  25 kobolds
  A quokka skeleton (D:4)
  6 rats
  6 fungi
  A plant (Lair:4)
1005 creatures vanquished.

Vanquished Creatures (collateral kills)
  the Lernaean hydra (Swamp:3)
  8 hydras
  An alligator (Swamp:3)
  4 death yaks (Lair:2)
  2 spriggans (Swamp:3)
  2 swamp dragons (Swamp:3)
  A torpor snail (Lair:4)
  A cane toad (Lair:2)
  A rime drake (Lair:4)
  2 hornets (Swamp:3)
  A polar bear (Lair:4)
  A vampire mosquito (Swamp:3)
  A water moccasin (Lair:2)
  A swamp drake (Swamp:3)
  2 wolves (Lair:3)
  A bullfrog (Lair:3)
  A centaur (D:9)
31 creatures vanquished.

Vanquished Creatures (others)
  An alligator (Swamp:3)
  A will-o'-wisp (Swamp:3)
  A black mamba (Snake:2)
  3 freezing wraiths (IceCv)
  A yak (Lair:4)
  A swamp worm (Swamp:3)
  2 draconian simulacra (IceCv)
  Natasha (D:4)
  3 troll simulacra (IceCv)
  A spriggan simulacrum (IceCv)
  2 naga simulacra (IceCv)
  An ogre simulacrum (IceCv)
  5 white imps (IceCv)
  2 briar patches (Swamp:3)
  3 bushes (Lair:6)
  26 fungi
  20 plants
74 creatures vanquished.

Grand Total: 1110 creatures vanquished

Notes
Turn   | Place    | Note
-------+----------+-------------------------------------------
     0 | D:1      | AxeAttX the Minotaur Berserker began the quest for the Orb.
     0 | D:1      | Reached XP level 1. HP: 19/19 MP: 0/0
   420 | D:2      | Reached skill level 4 in Fighting
   420 | D:2      | Reached skill level 4 in Axes
   420 | D:2      | Reached XP level 2. HP: 27/27 MP: 1/1
   953 | D:2      | Reached ** piety under Trog
   954 | D:2      | Reached XP level 3. HP: 34/34 MP: 2/2
   983 | D:2      | Found a runed door.
  1368 | D:3      | Reached XP level 4. HP: 41/41 MP: 3/3
  1370 | D:3      | Reached skill level 5 in Fighting
  1370 | D:3      | Reached skill level 5 in Axes
  1592 | D:3      | Found a shimmering blue altar of Sif Muna.
  1716 | D:3      | Reached XP level 5. HP: 45/49 MP: 4/4
  1800 | D:3      | Noticed Terence
  1807 | D:3      | Killed Terence
  1837 | D:3      | Reached skill level 6 in Fighting
  1837 | D:3      | Reached skill level 6 in Axes
  2045 | D:3      | Noticed an orc warrior
  2061 | D:3      | Killed an orc warrior
  2062 | D:3      | Reached XP level 6. HP: 27/58 MP: 5/5
  2064 | D:3      | Reached *** piety under Trog
  2428 | D:4      | Noticed Menkaure
  2434 | D:4      | Killed Menkaure
  2435 | D:4      | Reached skill level 7 in Fighting
  2435 | D:4      | Reached skill level 7 in Axes
  2435 | D:4      | Reached skill level 1 in Shields
  2435 | D:4      | Reached XP level 7. HP: 53/66 MP: 6/6
  2485 | D:4      | Reached skill level 3 in Armour
  2485 | D:4      | Reached skill level 1 in Evocations
  2670 | D:4      | Noticed Edmund
  2675 | D:4      | Killed Edmund
  2676 | D:4      | Reached skill level 3 in Dodging
  2676 | D:4      | Reached skill level 2 in Shields
  2749 | D:4      | Noticed Pikel
  2758 | D:4      | Killed Pikel
  2759 | D:4      | Reached skill level 8 in Fighting
  2759 | D:4      | Reached skill level 8 in Axes
  2759 | D:4      | Reached skill level 4 in Armour
  2759 | D:4      | Reached skill level 2 in Evocations
  2759 | D:4      | Reached XP level 8. HP: 74/74 MP: 8/8
  2918 | D:4      | Noticed Natasha
  2923 | D:4      | Killed Natasha
  2980 | D:4      | Killed Natasha
  2981 | D:4      | Reached skill level 3 in Shields
  3028 | D:4      | Noticed Natasha
  3034 | D:4      | Killed Natasha
  3240 | D:5      | Entered Level 5 of the Dungeon
  3372 | D:5      | Found a staircase to the Ecumenical Temple.
  3865 | D:6      | Got a buzzing falchion
  3936 | D:6      | Reached skill level 4 in Dodging
  3986 | D:6      | Noticed a hornet
  3989 | D:6      | Reached **** piety under Trog
  3998 | D:6      | Killed a hornet
  3999 | D:6      | Reached skill level 9 in Fighting
  3999 | D:6      | Reached XP level 9. HP: 26/83 MP: 8/10
  4201 | D:6      | Reached skill level 9 in Axes
  4324 | D:6      | Reached skill level 3 in Evocations
  4329 | D:6      | Reached skill level 4 in Shields
  4448 | D:6      | Found a glowing drain.
  4452 | Sewer    | Entered a sewer
  5265 | D:6      | Reached skill level 5 in Armour
  5434 | D:6      | Found a bloodstained altar of Trog.
  5441 | D:6      | Reached ***** piety under Trog
  5445 | D:6      | Received a gift from Trog
  5951 | D:7      | Noticed a troll
  5960 | D:7      | Killed a troll
  6257 | D:7      | Reached skill level 5 in Dodging
  6305 | D:7      | Got a shimmering hunting sling
  6466 | D:8      | Reached skill level 10 in Axes
  6541 | D:8      | Reached skill level 10 in Fighting
  6541 | D:8      | Reached skill level 5 in Shields
  6908 | D:8      | Reached XP level 10. HP: 85/93 MP: 11/11
  7000 | D:8      | Reached skill level 4 in Evocations
  7020 | D:8      | Reached skill level 6 in Armour
  7098 | D:8      | Noticed a two-headed ogre
  7109 | D:8      | Killed a two-headed ogre
  7645 | D:9      | Reached skill level 11 in Axes
  7685 | D:9      | Reached skill level 11 in Fighting
  7742 | D:9      | Reached skill level 6 in Shields
  7850 | D:9      | Reached skill level 7 in Armour
  7995 | D:9      | Found a sparkling altar of Nemelex Xobeh.
  8058 | D:9      | Noticed Erolcha
  8062 | D:9      | Reached skill level 5 in Evocations
  8075 | D:9      | Killed an enormous slime creature
  8076 | D:9      | Reached XP level 11. HP: 103/103 MP: 13/13
  8076 | D:9      | Found a staircase to the Lair.
  8104 | D:9      | Killed Erolcha
  8154 | Lair:1   | Entered Level 1 of the Lair of Beasts
  8286 | Lair:1   | Noticed a seven-headed hydra
  8294 | Lair:1   | Killed a seven-headed hydra
  8295 | Lair:1   | Reached skill level 12 in Fighting
  8295 | Lair:1   | Reached skill level 12 in Axes
  8295 | Lair:1   | Reached skill level 7 in Shields
  8516 | Lair:1   | Paralysed by fainting for 12 turns
  8910 | Lair:1   | Reached skill level 8 in Armour
  9277 | Lair:1   | Noticed an ice dragon
  9285 | Lair:1   | Killed an ice dragon
  9598 | Lair:2   | Reached skill level 6 in Evocations
  9887 | Lair:2   | Reached skill level 8 in Shields
  9955 | Lair:2   | Noticed a death yak
  9956 | Lair:2   | Noticed a death yak
  9956 | Lair:2   | Noticed a death yak
  9957 | Lair:2   | Noticed a death yak
  9961 | Lair:2   | Noticed a death yak
  9961 | Lair:2   | Noticed a death yak
  9965 | Lair:2   | Killed a death yak
  9966 | Lair:2   | Reached skill level 13 in Fighting
  9966 | Lair:2   | Reached skill level 13 in Axes
  9966 | Lair:2   | Reached XP level 12. HP: 115/115 MP: 15/15
  9969 | Lair:2   | Killed a death yak
  9971 | Lair:2   | Killed a death yak
  9979 | Lair:2   | Killed a death yak
  9979 | Lair:2   | Killed a death yak
  9982 | Lair:2   | Reached skill level 9 in Armour
  9983 | Lair:2   | Killed a death yak
 10540 | Lair:3   | Noticed a five-headed hydra
 10546 | Lair:3   | Noticed a five-headed hydra
 10551 | Lair:3   | Killed a five-headed hydra
 10555 | Lair:3   | Killed a five-headed hydra
 10970 | Lair:3   | Reached skill level 9 in Shields
 11013 | Lair:3   | Noticed a five-headed hydra
 11018 | Lair:3   | Killed a five-headed hydra
 11019 | Lair:3   | Reached skill level 14 in Fighting
 11019 | Lair:3   | Reached skill level 14 in Axes
 11692 | Lair:4   | Found a staircase to the Swamp.
 12037 | Lair:4   | Found a staircase to the Snake Pit.
 12149 | Lair:4   | Noticed an eight-headed hydra
 12175 | Lair:4   | HP: 17/118 [rime drake/flash freeze (16)]
 12538 | Lair:4   | Noticed a catoblepas
 12573 | Lair:4   | Killed a catoblepas
 12574 | Lair:4   | Reached skill level 1 in Throwing
 12574 | Lair:4   | Reached XP level 13. HP: 125/125 MP: 16/16
 12697 | Lair:4   | Reached skill level 10 in Armour
 12733 | Lair:4   | HP: 28/187 [blink frog (11)]
 12745 | Lair:4   | HP: 17/125 [yak[a torpor snail] (5)]
 12996 | Lair:4   | Reached skill level 2 in Throwing
 13008 | Lair:4   | Got an ichor-stained hat
 13274 | Lair:4   | Identified the cursed -5 hat "Deok" {+Blink rPois rF+
                  | Dex+2} (You found it on level 4 of the Lair of Beasts)
 14093 | Lair:5   | Reached skill level 3 in Throwing
 14305 | Lair:5   | Reached skill level 15 in Fighting
 14305 | Lair:5   | Reached skill level 15 in Axes
 14305 | Lair:5   | Reached skill level 10 in Shields
 14333 | Lair:5   | Reached skill level 4 in Throwing
 14771 | Lair:6   | Entered Level 6 of the Lair of Beasts
 14965 | Lair:6   | Found a frozen archway.
 15022 | IceCv    | Entered an ice cave
 15395 | IceCv    | Reached skill level 5 in Throwing
 15568 | IceCv    | Found an ancient bone altar of Kikubaaqudgha.
 15983 | Lair:6   | Found a staircase to the Elven Halls.
 16276 | Lair:6   | Noticed Grum
 16279 | Lair:6   | Reached XP level 14. HP: 130/135 MP: 17/17
 16293 | Lair:6   | Killed Grum
 16703 | Lair:6   | Received a gift from Trog
 16844 | Lair:6   | Reached skill level 11 in Armour
 16868 | Lair:6   | Reached skill level 6 in Throwing
 16935 | Lair:6   | Noticed Sonja
 16940 | Lair:6   | Killed Sonja
 17026 | Lair:6   | Got a crystal hand crossbow
 17345 | Lair:6   | HP: 30/204 [wolf spider (1)]
 17350 | Lair:6   | HP: 16/136 [poisoned by a wolf spider]
 17355 | Lair:6   | HP: 12/136 [poisoned by a wolf spider]
 17360 | Lair:6   | HP: 11/136 [poisoned by a wolf spider]
 17366 | Lair:6   | HP: 12/136 [poisoned by a wolf spider]
 17372 | Lair:6   | HP: 14/136 [poisoned by a wolf spider]
 17425 | Lair:6   | Reached skill level 16 in Fighting
 17446 | Lair:6   | Reached skill level 16 in Axes
 17636 | Lair:6   | Found a basalt altar of Yredelemnul.
 17974 | D:10     | Entered Level 10 of the Dungeon
 18235 | D:10     | Received a gift from Trog
 18271 | D:10     | Found Lumez's Armour Emporium.
 18271 | D:10     | Found a staircase to the Orcish Mines.
 18367 | D:10     | Reached skill level 7 in Throwing
 18400 | D:10     | Reached skill level 11 in Shields
 18691 | D:10     | Found Dior's Weapon Shoppe.
 18826 | D:10     | Got a heavy robe
 19899 | D:10     | Noticed Harold
 19910 | D:10     | Killed Harold
 20277 | D:11     | Found a burning altar of Makhleb.
 20279 | D:11     | Found a snail-covered altar of Cheibriados.
 20279 | D:11     | Found a shimmering altar of Xom.
 20281 | D:11     | Found a glowing silver altar of Zin.
 20281 | D:11     | Found a blossoming altar of Fedhas.
 20281 | D:11     | Found a shattered altar of Ashenzari.
 20359 | D:11     | Received a gift from Trog
 20423 | D:11     | Noticed yrara's ghost (journeyman DsFi)
 20693 | D:11     | Found a transporter.
 20697 | D:11     | Found a transporter.
 21071 | D:11     | Reached skill level 8 in Throwing
 21300 | D:12     | Entered Level 12 of the Dungeon
 21386 | D:12     | Reached XP level 15. HP: 99/145 MP: 9/18
 21460 | D:12     | Identified a scroll of acquirement
 21461 | D:12     | Identified the ring "Uheoddatt" {rC+ MP+9 Dex+4} (You
                  | acquired it on level 12 of the Dungeon)
 21711 | D:12     | Got a translucent brass ring
 21712 | D:12     | Identified the ring of Agnosticism {Int+2 Stlth--} (You
                  | found it on level 12 of the Dungeon)
 21830 | D:12     | Reached skill level 12 in Armour
 21833 | D:12     | Received a gift from Trog
 21834 | D:12     | Reached skill level 17 in Axes
 21838 | D:12     | Reached skill level 17 in Fighting
 21999 | D:12     | Found a gate to the Vaults.
 22425 | D:12     | Found a staircase to the Depths.
 22853 | Orc      | Entered the Orcish Mines
 22853 | Orc      | Found Feovuiba's Gadget Shop.
 22863 | Orc      | Bought a wand of clouds (8) for 297 gold pieces
 22884 | Orc      | Found Keiront's Jewellery Shoppe.
 22891 | Orc      | Noticed an orc warlord
 22906 | Orc      | Killed an orc warlord
 23172 | Orc      | Found Ucwawoef's Antique Armour Shoppe.
 23178 | Orc      | Noticed Snorg
 23182 | Orc      | Killed Snorg
 23482 | Orc      | Found a runed door.
 23482 | Orc      | Found a viscous altar of Jiyva.
 23483 | Orc      | Found a staircase to the Slime Pits.
 23510 | Orc      | Reached skill level 12 in Shields
 23575 | Orc      | HP: 22/220 [soul eater/drain life[an orc sorcerer] (17)]
 23578 | Orc      | Found Yzeipp's Armour Boutique.
 23578 | Orc      | Found Fabbetih's Book Emporium.
 23584 | Orc      | HP: 21/220 [orc sorcerer/bolt of negative energy (16)]
 23585 | Orc      | HP: 9/220 [orc warrior/+0 long sword (15)]
 23697 | Orc      | Found Asiskoh's Distillery.
 23697 | Orc      | Found Uqog's Jewellery Boutique.
 23841 | Orc      | Bought a potion of resistance for 170 gold pieces
 23841 | Orc      | Bought a potion of haste for 170 gold pieces
 23841 | Orc      | Bought a potion of heal wounds for 85 gold pieces
 23841 | Orc      | Bought a potion of curing for 42 gold pieces
 23841 | Orc      | Bought a potion of agility for 68 gold pieces
 23841 | Orc      | Bought a potion of might for 68 gold pieces
 23841 | Orc      | Bought 2 potions of mutation for 272 gold pieces
 23844 | Orc      | Bought the ring of Suwkuqon {rElec rC+ Str+6} for 670 gold
                  | pieces
 23913 | Orc      | Noticed Erica
 23920 | Orc      | Killed Erica
 23951 | Orc      | Found Jizxeps's Armour Boutique.
 24261 | Snake:1  | Entered Level 1 of the Snake Pit
 25004 | Snake:1  | Found Seag's Weapon Shop.
 25008 | Snake:1  | Found Viorosacho's Armour Shop.
 25071 | Snake:1  | Found a runed translucent gate.
 25071 | Snake:1  | Found a runed translucent gate.
 25071 | Snake:1  | Found a runed translucent gate.
 25385 | Snake:1  | Noticed foxfromabyss's ghost (adept OgAc)
 25692 | Snake:2  | Identified the Guide on the Dark Mountains
 25748 | Snake:2  | Reached skill level 18 in Axes
 25760 | Snake:2  | Reached skill level 18 in Fighting
 26056 | Snake:2  | Noticed Kirke
 26058 | Snake:2  | Noticed Nikola
 26073 | Snake:2  | Reached XP level 16. HP: 157/157 MP: 19/19
 26073 | Snake:2  | Killed Kirke
 26073 | Snake:2  | Received a gift from Trog
 26091 | Snake:2  | Killed Nikola
 26092 | Snake:2  | Reached skill level 13 in Armour
 26610 | Snake:2  | Noticed Aizul
 26623 | Snake:2  | Killed Aizul
 26628 | Snake:2  | HP: 35/238 [guardian serpent (11)]
 26903 | Snake:2  | Reached skill level 13 in Shields
 27575 | Snake:2  | Found Wakloiqu's Jewellery Emporium.
 27576 | Snake:2  | Found Righedidgh's Gadget Shop.
 27578 | Snake:2  | Found Oxozos's Jewellery Emporium.
 27901 | Snake:3  | Entered Level 3 of the Snake Pit
 27938 | Snake:3  | Noticed Frances
 27957 | Snake:3  | Killed Frances
 28067 | Snake:3  | Reached skill level 19 in Axes
 28087 | Snake:3  | Reached skill level 19 in Fighting
 28194 | Snake:3  | Found Quma's Distillery.
 28268 | Snake:3  | Found a shimmering altar of Xom.
 28274 | Snake:3  | Found a shimmering altar of Xom.
 28459 | Snake:3  | Found a shimmering altar of Xom.
 28459 | Snake:3  | Found a shimmering altar of Xom.
 28489 | Snake:3  | Found a shimmering altar of Xom.
 28645 | Snake:3  | Reached skill level 14 in Armour
 28740 | Snake:3  | Found a shimmering altar of Xom.
 28846 | Snake:3  | Found a shimmering altar of Xom.
 28847 | Snake:3  | Identified a lightning rod (4/4) (You found it on level 6
                  | of the Lair of Beasts)
 28847 | Snake:3  | Got a serpentine rune of Zot
 28944 | Snake:1  | Bought a +1 pair of boots of flying for 181 gold pieces
 29020 | Swamp:1  | Entered Level 1 of the Swamp
 29270 | Swamp:2  | Reached XP level 17. HP: 153/168 MP: 20/20
 29482 | Swamp:2  | Found a runed translucent gate.
 29482 | Swamp:2  | Found a runed translucent gate.
 29485 | Swamp:2  | Found a runed translucent gate.
 29501 | Swamp:2  | Reached skill level 14 in Shields
 29553 | Swamp:3  | Entered Level 3 of the Swamp
 29707 | Swamp:3  | Noticed a tentacled monstrosity
 29715 | Swamp:3  | Killed a tentacled monstrosity
 29716 | Swamp:3  | Reached skill level 20 in Fighting
 29784 | Swamp:3  | Identified the +2 hand axe of Extinguishment {antimagic,
                  | rC+} (Trog gifted it to you on level 3 of the Swamp)
 29784 | Swamp:3  | Received a gift from Trog
 29803 | Swamp:3  | Noticed the 27-headed Lernaean hydra
 29947 | Swamp:3  | Killed the 27-headed Lernaean hydra
 29994 | Swamp:3  | Reached skill level 15 in Armour
 30004 | Swamp:3  | Got a decaying rune of Zot
 30074 | Swamp:2  | Noticed Quickbrownfox's ghost (adept MiAc)
 30116 | Swamp:2  | Identified the +12 rapier "String" {vamp, Int+4} (You
                  | acquired it on level 2 of the Swamp)
 30348 | Vaults:1 | Entered Level 1 of the Vaults
 30529 | Vaults:1 | Reached skill level 15 in Shields
 30625 | Vaults:1 | Received a gift from Trog
 30642 | Vaults:1 | Found Puomagg's Assorted Antiques.
 30649 | Vaults:1 | Reached skill level 21 in Fighting
 30657 | Vaults:1 | Reached ****** piety under Trog
 30827 | Vaults:1 | Reached XP level 18. HP: 136/182 MP: 21/21
 30996 | Vaults:1 | Found Jypieh's General Store.
 31002 | Vaults:1 | Bought a scroll of blinking for 127 gold pieces
 31468 | Vaults:1 | Found Zuupsuz's Antique Armour Emporium.
 31581 | Vaults:1 | Found Newurixt's Distillery.
 31648 | Vaults:1 | Received a gift from Trog
 31867 | Vaults:1 | Found Wyos's Food Boutique.
 32940 | Vaults:2 | Reached skill level 16 in Armour
 33091 | Vaults:2 | Reached skill level 22 in Fighting
 33203 | Vaults:2 | Reached skill level 16 in Shields
 33360 | Vaults:2 | Noticed a bone dragon
 33369 | Vaults:2 | Killed a bone dragon
 33394 | Vaults:2 | Found a staircase to the Crypt.
 33530 | Vaults:2 | Found Veixken's Jewellery Emporium.
 33628 | Vaults:2 | Received a gift from Trog
 33662 | Vaults:2 | Found Doofas's Weapon Boutique.
 33911 | Vaults:2 | Found Vaymuddy's Antique Armour Shop.
 34023 | Vaults:2 | Found Joinak Wura's Armour Shoppe.
 34404 | Vaults:2 | Found Koarasue's Jewellery Boutique.
 34615 | Depths:1 | Entered Level 1 of the Depths
 34615 | Depths:1 | Noticed a lich
 34623 | Depths:1 | Killed a lich
 34643 | Depths:1 | HP: 25/187 [ettin/+0 dire flail (13)]
 34646 | Depths:1 | HP: 8/280 [deep troll (5)]
 34646 | Depths:1 | Slain by a deep troll

Skill      XL: |  1  2  3  4  5  6  7  8  9 10 11 12 13 14 15 16 17 18 |
---------------+-------------------------------------------------------+-----
Fighting       | 4 5 6 7 8 9 10 11 13 14 15 16 18 19 21 22 | 22.7
Axes           | 4 5 6 7 8 10 11 13 14 15 16 18 19 | 19.0
Shields        | 1 2 3 5 6 8 9 10 11 12 13 15 16 | 16.5
Armour         | 4 5 7 8 9 10 11 12 14 15 16 | 16.7
Evocations     | 2 3 5 6 |  6.0
Dodging        | 3 4 5 |  5.0
Throwing       | 1 5 8 |  8.0

Action                   |  1- 3 |  4- 6 |  7- 9 | 10-12 | 13-15 | 16-18 || total
-------------------------+-------+-------+-------+-------+-------+-------++-------
Melee: Hand axe          |    63 |   100 |   309 |   344 |       |       ||   816
       Headbutt          |     5 |    27 |    57 |    88 |   282 |   250 ||   709
       Broad axe         |       |       |       |    80 |   641 |   835 ||  1556
       War axe           |       |       |       |       |   469 |       ||   469
Throw: Tomahawk          |       |     5 |    17 |    50 |    74 |    15 ||   161
       Javelin           |       |       |       |       |    16 |    53 ||    69
Invok: Berserk           |     1 |     6 |     6 |    17 |    35 |    20 ||    85
       Trog's Hand       |       |       |       |     5 |     8 |     7 ||    20
       Brothers in Arms  |       |       |       |     6 |     3 |     2 ||    11
Evoke: Wand              |       |       |       |     4 |     7 |       ||    11
  Use: Scroll            |     3 |       |     8 |     6 |    31 |     8 ||    56
       Potion            |       |     1 |     1 |     2 |     2 |     3 ||     9
 Stab: Distracted        |       |       |       |     1 |       |     1 ||     2
       Petrifying        |       |       |       |     2 |       |       ||     2
       Paralysed         |       |       |       |       |     2 |     2 ||     4
  Eat: Chunk             |     2 |    12 |    29 |    28 |    73 |    40 ||   184
       Ration            |       |       |       |     4 |    10 |     7 ||    21
Armor: Animal skin       |     6 |     6 |       |       |       |       ||    12
       Plate armour      |       |    10 |   159 |   228 |   578 |       ||   975
       Iron dragon scale |       |       |       |       |   164 |   669 ||   833
Dodge: Dodged            |    30 |    30 |    87 |   153 |    64 |    21 ||   385
Block: Buckler           |     1 |    28 |   118 |   161 |    17 |       ||   325
       Large shield      |       |       |       |       |  1175 |   959 ||  2134

Levels and vault maps discovered:
D:1:      lightli_arrival_chessboard, layout_rooms
D:2:      layout_loops_ring, first_ration, uniq_crazy_yiuf_cottage
D:3:      layout_rooms, lemuel_blue_sif_altar, uniq_terence
D:4:      layout_basic, uniq_edmund, uniq_menkaure, uniq_natasha, uniq_pikel
D:5:      layout_cave_pools, minmay_temple_entry_sparse_star
D:6:      layout_basic, gup_sewer_entry_spiral, trog_hazing_becter
D:7:      layout_rooms
D:8:      layout_gridville, the_bakery, kennysheep_small_spiral
D:9:      layout_roguey, nemelex_altar_shiori, david_lair_shrubbed, uniq_erolcha
D:10:     layout_stronghold, orc_david_3, serial_shops, kennysheep_mini,
          uniq_harold
D:11:     layout_long_grid, gammafunk_ghost_hive, doesnt_xom_only_xom
D:12:     grunt_enter_depths_snipers, layout_loops_cross, david_vaults_2,
          grunt_decor_one_mirror
Lair:1:   dragon1_lemuel, layout_big_grid
Lair:2:   layout_cave_pods
Lair:3:   layout_cave_pods
Lair:4:   layout_regular_city, minmay_swamp_entry_wisps,
          guppyfry_snake_entry_garden, minmay_lair_drake_nest
Lair:5:   layout_misc_corridors, serial_bayou_pond_c, minivault_19
Lair:6:   minmay_lair_end_enchanted_forest, layout_hall_layers, basic_altar,
          portal_ice_cave_entry_ice_beasts, st_stairs_7, disabler_island,
          uniq_grum, uniq_sonja
Swamp:1:  layout_basic_swamp, nicolae_swamp_trees_clearing, swamp_pool4
Swamp:2:  layout_basic_swamp, gammafunk_ghost_split, evilmike_swamp_ruin_wall
Swamp:3:  swamp_alternative, layout_basic_swamp
Snake:1:  layout_chambers, gammafunk_ghost_necromancy, grunt_megastairs_3,
          serial_bayou_shore_a, minmay_shop_star
Snake:2:  nicolae_aizul_guard, layout_grid_maze, st_stairs_1,
          nrook_guardian_serpent_ordinary, serial_bayou_shore_b,
          minmay_shop_grove, uniq_kirke, uniq_nikola
Snake:3:  hellmonk_snake_rune_mutagenic_temple, layout_rooms, serial_shops,
          shop, grunt_ministairs_6, nicolae_snake_serpentine_bazaar,
          uniq_frances, uniq_aizul, uniq_roxanne
Orc:      grunt_orc_tribal_feast, layout_diamond_mine, slime_altar_2,
          serial_shops, nicolae_shop_trees, shop, shop, shop, uniq_snorg,
          uniq_erica
Vaults:1: nicolae_vaults_network_s, v_misc_14, vaults_room_door_hall,
          vaults_room_door_ring, vaults_mumra_minichess_inversion,
          hangedman_vaults_stitches, grunt_vaults_trifunnel, v_misc_19,
          ontoclasm_vaults_chip, nicolae_vaults_little_squares_2,
          layout_vaults_maze_snakey, serial_shops, nicolae_shop_trees,
          shop_fountains, shop, nicolae_shop_stone, shop
Vaults:2: v_misc_18, vaults_mumra_lcd, nicolae_vaults_windows_and_doors_thing,
          st_octagons_2, minmay_crypt_entry_nasty_monster, v_misc_30,
          vaults_room_corners, nicolae_vaults_triangles,
          nicolae_vaults_mini_display_case, layout_vaults_omnibox, serial_shops,
          nicolae_shop_window_shopping,
          nicolae_shop_competitors_out_of_business, shop, shop,
          nicolae_shop_waterfront
Depths:1: layout_cave_pools, hangedman_geh_valley, serial_shops, shop,
          nrook_campfire, hangedman_decor_riveting, minmay_pinched_square

Table legend:
 A = Turns spent in this place as a percentage of turns spent in the entire game.
 B = Non-inter-level travel turns spent in this place as a percentage of non-inter-level travel turns spent in the entire game.
 C = Inter-level travel turns spent in this place as a percentage of turns spent in this place.
 D = Turns resting spent in this place as a percentage of non-inter-level travel turns spent in this place.
 E = Turns spent auto-exploring this place as a percentage of non-inter-level travel turns spent in this place.
 F = Non-inter-level travel turns spent in this place divided by the number of levels of this place that you've seen.
                   A       B       C       D       E      F
               +-------+-------+-------+-------+-------+----------------------
         Total | 100.0 | 100.0 |   8.3 |  18.9 |  61.4 | 1059.3
       Dungeon |  36.8 |  36.3 |   9.4 |   8.4 |  73.0 | 962.0
          Lair |  27.2 |  26.9 |   9.3 |  25.2 |  56.1 | 1423.8
         Swamp |   3.3 |   3.5 |   3.9 |  24.1 |  29.5 | 366.0
     Snake Pit |  14.5 |  14.1 |  10.5 |  22.1 |  62.7 | 1498.0
  Orcish Mines |   3.7 |   3.9 |   2.8 |  51.7 |  30.4 | 1235.0
        Vaults |  10.1 |  10.5 |   5.4 |  14.7 |  66.2 | 1661.5
        Depths |   0.1 |   0.1 |   0.0 |   0.0 |   0.0 |  31.0
         Sewer |   1.6 |   1.7 |   0.0 |   0.0 |  77.0 | 553.0
      Ice Cave |   2.8 |   3.0 |   0.0 |  53.0 |  16.0 | 959.0
               +-------+-------+-------+-------+-------+----------------------

Table legend:
 A = Kills in this place as a percentage of kills in entire the game.
 B = Kills by you in this place as a percentage of kills by you in the entire game.
 C = Kills by friends in this place as a percentage of kills by friends in the entire game.
 D = Other kills in this place as a percentage of other kills in the entire game.
 E = Experience gained in this place as a percentage of experience gained in the entire game.
 F = Experience gained in this place divided by the number of levels of this place that you have seen.
                   A       B       C       D       E      F
               +-------+-------+-------+-------+-------+----------------------
         Total | 100.0 | 100.0 | 100.0 | 100.0 | 100.0 | 12541.1
       Dungeon |  34.0 |  35.5 |   6.5 |   4.5 |  14.3 | 4491.2
          Lair |  19.8 |  19.2 |  51.6 |   4.5 |  15.7 | 9872.0
         Swamp |   8.8 |   7.8 |  41.9 |   9.1 |  14.4 | 18049.7
     Snake Pit |  11.1 |  11.6 |   0.0 |   4.5 |  20.9 | 26192.7
  Orcish Mines |   6.2 |   6.6 |   0.0 |   0.0 |   3.8 | 14134.0
        Vaults |  12.5 |  13.1 |   0.0 |   0.0 |  27.2 | 51195.5
        Depths |   0.8 |   0.8 |   0.0 |   0.0 |   2.0 | 7612.0
         Sewer |   1.6 |   1.7 |   0.0 |   0.0 |   0.0 |  48.0
      Ice Cave |   5.2 |   3.7 |   0.0 |  77.3 |   1.6 | 6196.0
               +-------+-------+-------+-------+-------+----------------------
